 Seeded DCSS version 0.29.1-15-g9cfb28693d (webtiles) character file.

Game seed: 1114716861451129815 (custom seed)

1453 Achh the Trooper (level 8, -7/73 HPs)
             Began as a Minotaur Fighter on Mar 15, 2023.
             Mangled by a two-headed ogre
             ... wielding a +0 giant club
              (10 damage)
             ... on level 6 of the Dungeon.
             The game lasted 00:15:10 (3960 turns).

Achh the Trooper (Minotaur Fighter)                 Turns: 3960, Time: 00:15:10

Health: -7/73      AC: 16    Str: 23    XL:     8   Next: 47%
Magic:  7/7        EV:  4    Int:  5    God:
Gold:   115        SH:  5    Dex: 10    Spells: 7/7 levels left

rFire   + . .      SeeInvis .   a - +0 war axe
rCold   + . .      Faith    .   c - +0 buckler
rNeg    . . .      Spirit   .   s - +1 gold dragon scales
rPois   +          Reflect  .   (helmet restricted)
rElec   .          Harm     .   (no cloak)
rCorr   .          Rampage  .   (no gloves)
Will    .....                   (no boots)
Stlth   ..........              p - amulet of regeneration
HPRegen 1.02/turn               v - ring of poison resistance
MPRegen 0.10/turn               (no ring)

@: no status effects
A: horns 2, retaliatory headbutt
a: no special abilities


You were on level 6 of the Dungeon.
You visited 1 branch of the dungeon, and saw 6 of its levels.

You collected 302 gold pieces.
You spent 187 gold pieces at shops.

Inventory:

Hand Weapons
 a - a +0 war axe (weapon)
Missiles
 u - 3 silver boomerangs (quivered)
Armour
 b - a +0 scale mail
 c - a +0 buckler (worn)
 s - +1 gold dragon scales (worn)
Jewellery
 n - a ring of magical power
 p - an amulet of regeneration (around neck)
 v - a ring of poison resistance (left hand)
 x - an amulet of regeneration
Wands
 w - a wand of acid (5)
Scrolls
 e - a scroll of fear {unknown}
 g - 4 scrolls of identify
 k - a scroll of magic mapping
 o - 2 scrolls of teleportation
 r - a scroll of summoning
 y - a scroll of brand weapon {unknown}
 B - a scroll of vulnerability {unknown}
 C - a scroll of silence {unknown}
Potions
 d - 4 potions of might
 f - 2 potions of curing {unknown}
 h - 3 potions of flight {unknown}
 i - 3 potions of lignification {unknown}
 j - a potion of cancellation {unknown}
 l - a potion of attraction {unknown}
 m - 2 potions of brilliance {unknown}
 q - a potion of resistance {unknown}
 t - 2 potions of degeneration
 z - a potion of haste {unknown}
 A - a potion of invisibility {unknown}


   Skills:
 + Level 7.3 Fighting
 + Level 6.7 Axes
 + Level 7.3 Armour
 + Level 7.2 Shields


You had 7 spell levels left.
You didn't know any spells.
Your spell library contained the following spells:

 Spells                   Type           Power      Damage    Failure   Level
 Inner Flame              Hex/Fire       0%         N/A       100%        3
 Airstrike                Air            0%         2d(0-16)  100%        4
 Cause Fear               Hex            0%         N/A       100%        4
 Summon Lightning Spire   Summ/Air       0%         N/A       100%        4
 Lightning Bolt           Conj/Air       0%         1d11      100%        5
 Discord                  Hex            0%         N/A       100%        8


Dungeon Overview and Level Annotations

Branches:
Dungeon (6/15)
 Temple: D:4-7

Altars:
Dithmenos
Elyvilon
Gozag
Kikubaaqudgha
Nemelex Xobeh
Ru
Wu Jian
Xom
Yredelemnul
Zin

Shops:
D:4 !   D:6 ?


Innate Abilities, Weirdness & Mutations

You have a pair of horns on your head.
You reflexively headbutt those who attack you in melee.


Message History

Found an escape hatch in the floor.
A two-headed ogre comes into view.
It is wielding a +0 giant club and a +0 giant spiked club.
The two-headed ogre shouts in stereo!
You hear an angry growl.
Aiming: Corrosive Bolt
Press: ? - help, Q - select action, (/) - cycle Shift-Dir - straight line, f - two-headed ogre
Aim: a two-headed ogre, wielding a +0 giant club and a +0 giant spiked club (86% to hit)
The bolt of acid hits the two-headed ogre!
The two-headed ogre is moderately wounded.
You slash the two-headed ogre!
The two-headed ogre is moderately wounded.
The two-headed ogre hits you but does no damage.
The two-headed ogre hits you with a +0 giant spiked club!
You hit the two-headed ogre.
You headbutt the two-headed ogre, but do no damage.
The two-headed ogre is moderately wounded.
The two-headed ogre hits you with a +0 giant club!!
The two-headed ogre hits you with a +0 giant spiked club.
You hit the two-headed ogre.
The two-headed ogre is heavily wounded.
The two-headed ogre hits you with a +0 giant club!
The two-headed ogre hits you with a +0 giant spiked club!
* * * LOW HITPOINT WARNING * * *
You hit the two-headed ogre.
The two-headed ogre is heavily wounded.
You hit the two-headed ogre.
The two-headed ogre is heavily wounded.
The two-headed ogre hits you with a +0 giant club!
* * * LOW HITPOINT WARNING * * *
The two-headed ogre hits you with a +0 giant spiked club.
* * * LOW HITPOINT WARNING * * *
You slash the two-headed ogre!
Your headbutt misses the two-headed ogre.
The two-headed ogre is severely wounded.
The two-headed ogre completely misses you.
The two-headed ogre hits you but does no damage.
A black bear comes into view.
You slash the two-headed ogre!
The two-headed ogre is almost dead.
The two-headed ogre hits you with a +0 giant club!
You die...

#.#.# #.#.# #.#.#
....... #.#.#
....... . #.#.#
.......
#...###.#.###.......
#.........#..!....
#>##....#.#.......
#....#@#.$...?.
####...O.# ##.>.##
#####


You could see a two-headed ogre.

Vanquished Creatures
  An orc warrior (D:6)
  3 ogres
  2 phantoms
  3 scorpions
  An orc priest (D:4)
  3 hounds
  2 iguanas (D:5)
  2 orc wizards (D:4)
  10 adders
  A white imp (D:5)
  A worm (D:4)
  5 dart slugs
  8 orcs
  3 bats (D:1)
  9 endoplasms
  A giant cockroach (D:1)
  7 goblins
  5 hobgoblins
  4 jackals
  6 quokkas
  10 ball pythons
  5 frilled lizards
  10 kobolds
  3 rats
105 creatures vanquished.

Vanquished Creatures (collateral kills)
  The ghost of u553311 the Trooper, a novice HuFi (D:5)
  A gnoll sergeant (D:5)
  An adder (D:5)
  An ufetubus (D:5)
4 creatures vanquished.

Grand Total: 109 creatures vanquished

Notes
Turn   | Place    | Note
-------+----------+-------------------------------------------
     0 | D:1      | Achh the Minotaur Fighter began the quest for the Orb.
     0 | D:1      | Reached XP level 1. HP: 19/19 MP: 0/0
   121 | D:1      | Reached XP level 2. HP: 26/27 MP: 1/1
   532 | D:1      | Reached XP level 3. HP: 28/33 MP: 2/2
   723 | D:1      | Found a faded altar of an unknown god.
  1347 | D:3      | Reached XP level 4. HP: 41/41 MP: 3/3
  1466 | D:3      | Found a basalt altar of Yredelemnul.
  1768 | D:4      | Noticed a scorpion
  1781 | D:4      | Killed a scorpion
  1782 | D:4      | Reached XP level 5. HP: 26/47 MP: 4/4
  1831 | D:4      | Found Leeweorph's Distillery.
  1839 | D:4      | Bought 2 potions of degeneration for 26 gold pieces
  1849 | D:4      | Found a shadowy altar of Dithmenos.
  1858 | D:4      | Found a shimmering altar of Xom.
  1945 | D:4      | Reached skill level 5 in Fighting
  1959 | D:4      | Reached skill level 5 in Armour
  1974 | D:4      | Noticed a phantom
  1987 | D:4      | Killed a phantom
  1988 | D:4      | Reached skill level 5 in Shields
  1988 | D:4      | Reached XP level 6. HP: 56/56 MP: 5/5
  2185 | D:4      | Reached skill level 5 in Axes
  2190 | D:4      | Reached XP level 7. HP: 45/62 MP: 6/6
  2433 | D:4      | Found a sparkling altar of Nemelex Xobeh.
  2522 | D:4      | Found a glowing silver altar of Zin.
  2522 | D:4      | Found an ancient bone altar of Kikubaaqudgha.
  2530 | D:4      | Found a faded altar of an unknown god.
  2533 | D:4      | Found a white marble altar of Elyvilon.
  2535 | D:4      | Found an ornate altar of the Wu Jian Council.
  2722 | D:5      | Entered Level 5 of the Dungeon
  3063 | D:5      | Found a runed translucent gate.
  3063 | D:5      | Found a runed translucent gate.
  3063 | D:5      | Found a runed translucent gate.
  3064 | D:5      | Found an opulent altar of Gozag.
  3065 | D:5      | Noticed u553311's ghost (novice HuFi)
  3449 | D:5      | Found an opulent altar of Gozag.
  3461 | D:5      | Found a sacrificial altar of Ru.
  3521 | D:5      | Reached XP level 8. HP: 61/71 MP: 7/7
  3527 | D:5      | Killed u553311's ghost
  3883 | D:6      | Found Azer's Magic Scroll Shoppe.
  3889 | D:6      | Bought a scroll of enchant armour for 105 gold pieces
  3890 | D:6      | Bought a scroll of identify for 28 gold pieces
  3890 | D:6      | Bought a scroll of identify for 28 gold pieces
  3948 | D:6      | Noticed a two-headed ogre
  3958 | D:6      | HP: 1/73 [two-headed ogre/+0 giant club (4)]
  3960 | D:6      | Mangled by a two-headed ogre

Illustrated notes

Levels and vault maps discovered:
D:1:      wander_arrival_fairy_ring, layout_loops_ring,
          hellmonk_ecumenical_altar_leap_of_faith
D:2:      layout_rooms
D:3:      layout_rooms, mainiacjoe_overflow_paths
D:4:      nicolae_cairo_tiling_large_dashed, layout_loops_ring,
          mainiacjoe_overflow_large_starburst,
          chequers_temple_overflow_minitemple, nemelex_spade_bored_becter,
          serial_shops, shop
D:5:      layout_loops_ring, amethyst_overflow_temple_binary,
          ebering_ghost_gozag
D:6:      layout_basic, serial_shops, nicolae_shop_stone

Skill      XL: |  1  2  3  4  5  6  7  8 |
---------------+-------------------------+-----
Fighting       | 4 5 6 7 |  7.3
Armour         | 4 5 6 7 |  7.3
Shields        | 4 5 6 7 |  7.2
Axes           | 3 4 5 6 |  6.7

Action                   |  1- 3 |  4- 6 |  7- 9 || total
-------------------------+-------+-------+-------++-------
Melee: War axe           |    85 |   111 |    82 ||   278
       Headbutt          |    12 |    14 |    15 ||    41
Evoke: Wand              |       |       |     2 ||     2
  Use: Scroll            |       |       |     5 ||     5
 Stab: Sleeping          |       |     1 |       ||     1
Armor: Scale mail        |    56 |    16 |       ||    72
       Gold dragon scale |       |    85 |    50 ||   135
Dodge: Dodged            |    54 |    23 |    10 ||    87
Block: Buckler           |    18 |    25 |    17 ||    60
